 Dungeon Crawl Stone Soup version 0.23-a0-644-gb60d84b635 (webtiles) character file.

4634 Notair the Spear-Bearer (level 10, -11/91 HPs)
             Began as a Minotaur Gladiator on Jan 1, 2019.
             Was a Priest of Okawaru.
             Mangled by a crocodile (19 damage)
             ... on level 8 of the Dungeon.
             The game lasted 00:24:51 (8024 turns).

Notair the Spear-Bearer (Minotaur Gladiator)        Turns: 8024, Time: 00:24:51

Health: -11/91     AC:  2    Str: 17    XL:     10   Next: 20%
Magic:  9/9        EV:  9    Int:  8    God:    Okawaru [***...]
Gold:   366        SH: 19    Dex: 12    Spells: 9/9 levels left

rFire    . . .     SeeInvis .   a - +0 trident
rCold    . . .     Gourm    .   b - +2 large shield
rNeg     . . .     Faith    .   L - +0 chain mail
rPois    .         Spirit   .   c - +1 hat
rElec    .         Reflect  +   (no cloak)
rCorr    .         Harm     .   z - +1 pair of gloves {archery}
MR       .....                  (no boots)
Stlth    ..........             O - +6 amulet of reflection
HPRegen  0.25/turn              J - +6 ring of evasion
MPRegen  0.11/turn              E - -2 ring of strength (curse)

@: corroded
A: retaliatory headbutt, horns 2
a: Heroism, Renounce Religion


You were on level 8 of the Dungeon.
You worshipped Okawaru.
Okawaru was most pleased with you.
You were not hungry.

You visited 2 branches of the dungeon, and saw 9 of its levels.

You collected 366 gold pieces.

Inventory:

Hand Weapons
 a - a +0 trident (weapon)
Missiles
 d - 3 throwing nets
 e - 212 stones (quivered)
 u - 48 sling bullets
Armour
 b - a +2 large shield (worn)
 c - a +1 hat (worn)
 z - a +1 pair of gloves of archery (worn)
 L - a +0 chain mail (worn)
Jewellery
 g - an uncursed amulet of regeneration
 r - a +4 ring of intelligence
 w - an uncursed ring of magical power
 E - a cursed -2 ring of strength (right hand)
 J - a +6 ring of evasion (left hand)
 O - a +6 amulet of reflection (around neck)
Wands
 h - a wand of digging (7)
 o - a wand of acid (8)
 t - a wand of iceblast (3)
 C - a wand of enslavement (10)
Scrolls
 i - 4 scrolls of teleportation
 j - 2 scrolls of blinking {unknown}
 l - 4 scrolls of magic mapping
 s - a scroll of enchant armour
 v - a scroll of immolation {unknown}
 x - 2 scrolls of remove curse
 y - 2 scrolls of fog {unknown}
 A - 2 scrolls of enchant weapon {unknown}
 B - a scroll of amnesia {unknown}
 F - 2 scrolls of identify
 K - a scroll of vulnerability {unknown}
 N - a scroll of summoning {unknown}
Potions
 k - 2 potions of cancellation
 m - a potion of resistance
 n - 3 potions of brilliance
 p - 4 potions of heal wounds
 q - a potion of curing
 D - 2 potions of mutation {unknown}
 G - a potion of flight {unknown}
 H - a potion of invisibility {unknown}
 I - a potion of degeneration {unknown}
Comestibles
 f - 14 rations


   Skills:
 + Level 9.3 Fighting
 * Level 12.8 Polearms
 - Level 2.0 Throwing
 + Level 8.8 Armour
 - Level 3.2 Dodging


You had 9 spell levels left.
You didn't know any spells.
Your spell library contained the following spells:

 Spells                   Type           Power        Failure   Level  Hunger
 Beastly Appendage        Tmut           #.....       100%        1    ##.....
 Sting                    Conj/Pois      #...         100%        1    ##.....
 Sticks to Snakes         Tmut           #.......     100%        2    ###....
 Spider Form              Tmut/Pois      #.........   100%        3    ####...
 Ice Form                 Ice/Tmut       #.......     100%        4    #####..
 Blade Hands              Tmut           #.........   100%        5    ######.


Dungeon Overview and Level Annotations

Branches:
Dungeon (8/15)             Temple (1/1) D:6
   Lair: D:8-11

Altars:
Dithmenos
Elyvilon
Fedhas
Gozag
Hepliaklqana
Kikubaaqudgha
Nemelex Xobeh
Okawaru
Qazlal
Ru
Sif Muna
Uskayaw
Vehumet
Xom
Yredelemnul
Zin
The Shining One
Jiyva

Shops:
D:4 :   D:8 ?


Innate Abilities, Weirdness & Mutations

You reflexively headbutt those who attack you in melee.
You have a pair of horns on your head.


Message History

You block the crocodile's attack.
You hit the crocodile but do no damage. Your headbutt misses the crocodile.
The crocodile is moderately wounded.
The crocodile barely misses you. You furiously retaliate!
You headbutt the crocodile, but do no damage.
Your shield prevents you from hitting the crocodile.
The crocodile is moderately wounded.
You hit the crocodile but do no damage.
You headbutt the crocodile, but do no damage.
The crocodile is moderately wounded.
You block the crocodile's attack.
Your shield and chain mail prevent you from hitting the crocodile.
You headbutt the crocodile, but do no damage.
The crocodile is moderately wounded.
The crocodile bites you!
* * * LOW HITPOINT WARNING * * *
You closely miss the crocodile.
The crocodile is moderately wounded.
The crocodile bites you!!
You die...

.######.##.#....# .#
#.##...##.##
.######...<#.##..######
.......#####..........#
....##.# .............#
....##[# .###.........#
....##.# #.........#
...)##.# ###t##(####
....##.# #.@)....#
....##.# #####.#<#
)...##.# #.#.# #...#
######t(.#+### #...#
#.....(K.....# #...#
#....).......# #...#
#............# #...#
#............# #...#
#........>...#


You could see a crocodile.

Vanquished Creatures
  Harold (D:7)
  A spriggan (D:7)
  A basilisk (D:8)
  A water moccasin (D:6)
  4 phantoms
  2 orc warriors
  A necrophage (D:7)
  5 ogres
  A centaur (D:7)
  A crocodile (D:8)
  A big kobold (D:8)
  5 bullfrogs
  2 water moccasin skeletons
  5 scorpions
  9 killer bees
  6 crimson imps
  2 hounds
  3 jellies
  4 orc priests
  9 orc wizards
  2 iguanas
  2 worker ants
  2 killer bee zombies (D:5)
  4 worker ant zombies
  A howler monkey zombie (D:7)
  13 adders
  4 gnolls
  A shadow imp (D:5)
  2 adder skeletons
  3 dart slugs
  4 leopard geckos
  12 orcs
  3 giant cockroaches
  3 goblins
  9 hobgoblins
  12 kobolds
  6 quokkas
  A ball python skeleton (D:6)
  6 bats
  4 frilled lizards
  A leopard gecko skeleton (D:7)
  2 quokka zombies (D:6)
  9 rats
170 creatures vanquished.

Vanquished Creatures (others)
  A centaur (D:8)
  2 bushes (D:8)
  3 fungi (D:8)
  8 plants (D:8)
14 creatures vanquished.

Grand Total: 184 creatures vanquished

Notes
Turn   | Place    | Note
-------+----------+-------------------------------------------
     0 | D:1      | Notair the Minotaur Gladiator began the quest for the Orb.
     0 | D:1      | Reached XP level 1. HP: 18/18 MP: 0/0
   300 | D:1      | Reached skill level 4 in Polearms
   324 | D:1      | Reached XP level 2. HP: 24/25 MP: 1/1
   542 | D:1      | Reached skill level 1 in Armour
  1074 | D:2      | Reached XP level 3. HP: 20/31 MP: 2/2
  1398 | D:2      | Reached skill level 5 in Polearms
  1398 | D:2      | Reached XP level 4. HP: 33/38 MP: 3/3
  2739 | D:3      | Reached XP level 5. HP: 46/46 MP: 4/4
  2825 | D:3      | Found a white marble altar of Elyvilon.
  2825 | D:3      | Found a glowing golden altar of the Shining One.
  2825 | D:3      | Found a glowing silver altar of Zin.
  3166 | D:4      | Reached skill level 6 in Polearms
  3193 | D:4      | Noticed an ogre
  3200 | D:4      | Killed an ogre
  3200 | D:4      | Reached XP level 6. HP: 42/53 MP: 5/5
  3373 | D:4      | Reached skill level 7 in Polearms
  3383 | D:4      | Found Wida Laure's Book Emporium.
  3529 | D:4      | Reached skill level 5 in Fighting
  3529 | D:4      | Reached XP level 7. HP: 61/61 MP: 6/6
  3934 | D:5      | Entered Level 5 of the Dungeon
  3989 | D:5      | Reached skill level 8 in Polearms
  4697 | D:5      | Reached skill level 5 in Armour
  4884 | D:5      | Reached XP level 8. HP: 29/70 MP: 7/7
  5160 | D:5      | Reached skill level 9 in Polearms
  5214 | D:5      | Found a hazy altar of Hepliaklqana.
  5664 | D:6      | Found a deep blue altar of Sif Muna.
  5781 | D:6      | Identified Sif Muna's Volume of Venom
  5853 | D:6      | Found a staircase to the Ecumenical Temple.
  5907 | Temple   | Entered the Ecumenical Temple
  5952 | Temple   | Became a worshipper of Warmaster Okawaru
  6104 | D:6      | Reached skill level 10 in Polearms
  6322 | D:7      | Reached XP level 9. HP: 70/79 MP: 8/8
  6356 | D:7      | Reached * piety under Okawaru
  6594 | D:7      | Noticed Harold
  6633 | D:7      | Killed Harold
  6633 | D:7      | Reached ** piety under Okawaru
  6633 | D:7      | Reached skill level 11 in Polearms
  6807 | D:7      | Reached skill level 12 in Polearms
  7492 | D:7      | Reached *** piety under Okawaru
  7492 | D:7      | Reached XP level 10. HP: 91/91 MP: 9/9
  7784 | D:8      | Found a shadowy altar of Dithmenos.
  7784 | D:8      | Found Baihixoo's Magic Scroll Shop.
  8024 | D:8      | Mangled by a crocodile

Vault maps used:
D:1:      minmay_arrival_split_and_join, minmay_tromino_v4_a
D:2:      minmay_kobold_bridge
D:3:      good_gods_mini_temple, first_ration
D:4:      serial_shops, nicolae_shop_stone
D:5:      kennysheep_little_box
D:6:      led_sif_book, minmay_temple_entry_large_hall
D:7:      st_stairs_12, the_bakery, uniq_harold
D:8:      ashenzari_altar_1, minitemple, minmay_lair_entry_grove, serial_shops,
          nicolae_shop_stone, minmay_small_thing
Temple:   pf_slimified_temple

Skill      XL: |  1  2  3  4  5  6  7  8  9 |
---------------+----------------------------+-----
Polearms       | 4 5 6 7 8 10 12 | 12.8
Armour         | 1 2 3 4 5 6 8 |  8.8
Fighting       | 3 4 5 6 7 9 |  9.3
Throwing       | |  2.0
Dodging        | |  3.2

Action                   |  1- 3 |  4- 6 |  7- 9 | 10-12 || total
-------------------------+-------+-------+-------+-------++-------
Melee: Trident           |    78 |   112 |   435 |   127 ||   752
       Headbutt          |     6 |    13 |    67 |    25 ||   111
Throw: Stone             |       |    24 |    12 |       ||    36
       Throwing net      |       |     2 |       |       ||     2
Evoke: Wand              |       |       |     1 |       ||     1
  Use: Scroll            |       |     8 |     2 |       ||    10
 Stab: Distracted        |     2 |       |       |       ||     2
       Sleeping          |     1 |       |       |       ||     1
  Eat: Chunk             |     1 |     7 |     9 |     3 ||    20
       Ration            |       |       |     1 |       ||     1
Armor: Leather armour    |    28 |     9 |       |       ||    37
       Ring mail         |       |     6 |    36 |       ||    42
       Chain mail        |       |       |   143 |    45 ||   188
Dodge: Dodged            |    38 |    45 |   134 |    20 ||   237
Block: Large shield      |       |       |   193 |    95 ||   288
       Reflection        |       |       |       |     4 ||     4

Table legend:
 A = Non-vault XP
 B = Vault XP
 C = Vault XP percentage of total XP
 D = Non-vault monster count
 E = Vault monster count
 F = Vault count percentage of total count
                 A         B        C        D         E       F
            +---------+---------+-------+---------+---------+-------
      Total |    4762 |    1858 |  28.1 |     155 |      16 |   9.4
            +---------+---------+-------+---------+---------+-------
        D:1 |      24 |       8 |  25.0 |      14 |       3 |  17.6
        D:2 |     113 |       6 |   5.0 |      25 |       4 |  13.8
        D:3 |     111 |       0 |   0.0 |      13 |       0 |   0.0
        D:4 |     731 |       0 |   0.0 |      14 |       0 |   0.0
        D:5 |     749 |       0 |   0.0 |      16 |       0 |   0.0
        D:6 |     894 |      75 |   7.7 |      16 |       2 |  11.1
        D:7 |    1381 |    1485 |  51.8 |      35 |       5 |  12.5
        D:8 |     759 |     284 |  27.2 |      22 |       2 |   8.3
            +---------+---------+-------+---------+---------+-------
